 Dungeon Crawl Stone Soup version 0.30-a0-878-gc727b3d3d6 (webtiles) character file.

Game seed: 12586273269014749278

3495 112233 the Thaumaturge (level 10, -5/63 HPs)
             Began as an Octopode Fire Elementalist on Mar 12, 2023.
             Was an Initiate of Gozag.
             Slain by Harold
             ... wielding a +1 long sword of holy wrath
              (24 damage)
             ... on level 9 of the Dungeon.
             The game lasted 00:21:08 (10606 turns).

112233 the Thaumaturge (OpFE)                      Turns: 10606, Time: 00:21:08

Health: -5/63      AC:  1    Str:  8    XL:     10   Next: 7%
Magic:  17/24      EV: 13    Int: 26    God:    Gozag
Gold:   658        SH:  0    Dex:  9    Spells: 14/29 levels left

rFire   + . .      SeeInvis .    b - +0 long sword
rCold   + . .      Faith    +    (no shield)
rNeg    . . .      Spirit   .    (helmet restricted)
rPois   +          Reflect  .    x - amulet of Peubed {Faith rC+ Int+5 Dex-4}
rElec   .          Rampage  .    f - ring of poison resistance
rCorr   .                        o - ring of protection from fire
Will    .....                    (no ring)
Stlth   +++                      (no ring)
HPRegen 0.30/turn                (no ring)
MPRegen 0.19/turn                (no ring)
                                 (no ring)
                                 (no ring)

@: no status effects
A: almost no armour, amphibious, 8 rings, camouflage 1, gelatinous body 1,
(nimble swimmer 1), tentacles
a: Renounce Religion, Potion Petition, Call Merchant, Bribe Branch


You were on level 9 of the Dungeon.
You worshipped Gozag.
Gozag was pleased with you.
You visited 2 branches of the dungeon, and saw 10 of its levels.

You collected 1090 gold pieces.
You paid 432 gold pieces to Gozag.

Inventory:

Hand Weapons
 b - a +0 long sword (weapon)
 j - a +0 dagger of venom
Missiles
 i - a throwing net
Jewellery
 e - an amulet of regeneration
 f - a ring of poison resistance (left tentacle)
 o - a ring of protection from fire (right tentacle)
 x - the amulet of Peubed (around mantle) {Faith rC+ Int+5 Dex-4}
   (You found it on level 8 of the Dungeon)

   [amulet of faith]

   It allows you to gain divine favour quickly.
   Int:       It affects your intelligence (+5).
   Dex:       It affects your dexterity (-4).
   rC:        It protects you from cold.
 F - a ring of magical power
Wands
 h - a wand of flame (34)
 u - a wand of roots (1)
 A - a wand of mindburst (19)
 B - a wand of paralysis (12)
 C - a wand of acid (6)
Scrolls
 c - 4 scrolls of immolation
 d - 3 scrolls of magic mapping
 g - a scroll of enchant weapon
 m - 2 scrolls of noise
 r - a scroll of torment
 s - a scroll of silence
 y - a scroll of teleportation
 D - a scroll of blinking {unknown}
Potions
 a - 2 potions of magic
 k - a potion of mutation
 l - a potion of brilliance
 n - a potion of lignification {unknown}
 v - 2 potions of haste
 w - a potion of attraction {unknown}
 z - 2 potions of cancellation
 E - 2 potions of ambrosia


   Skills:
 + Level 3.7 Fighting
 + Level 4.4 Dodging
 - Level 2.9 Stealth
 - Level 10.0 Spellcasting
 * Level 5.7 Conjurations
 - Level 3.1 Fire Magic
 + Level 3.7 Earth Magic


You had 14 spell levels left.
You knew the following spells:

 Your Spells              Type           Power      Damage    Failure   Level
a - Foxfire               Conj/Fire      100%       2x1d9     1%          1
b - Scorch                Fire           58%        2d8       1%          2
c - Kindle Blastsparks    Fire/Tloc/Air  36%        2d13      9%          3
d - Flame Wave            Conj/Fire      36%        2d10      8%          4
e - Stone Arrow           Conj/Erth      74%        3d11      1%          3
f - Passwall              Tmut/Erth      18%        N/A       3%          2

Your spell library contained the following spells:

 Spells                   Type           Power      Damage    Failure   Level
 Sandblast                Erth           64%        2d14      1%          1
 Inner Flame              Hex/Fire       21%        N/A       8%          3


Dungeon Overview and Level Annotations

Branches:
Dungeon (9/15)             Temple (1/1) D:4
   Lair: D:8-11         Orc: D:9-12

Altars:
Ashenzari
Cheibriados
Dithmenos
Elyvilon
Fedhas
Gozag
Hepliaklqana
Kikubaaqudgha
Makhleb
Nemelex Xobeh
Okawaru
Qazlal
Ru
Trog
Wu Jian
Xom
Yredelemnul
The Shining One

Shops:
D:5 *   D:6 (   D:7 =

Annotations:
D:4 exclusion: upstairs
D:6 exclusion: upstairs, Grinder
D:7 exclusion: downstairs, Pikel
D:8 Psyche
D:9 Harold


Innate Abilities, Weirdness & Mutations

You cannot wear most types of armour.
You are amphibious.
You can wear up to eight rings at the same time.
Your skin changes colour to match your surroundings (Stealth+).
Your rubbery body absorbs attacks. (AC +1, EV +1)
((You are camouflaged when in or above water. (Stealth+)))
You have tentacles for arms and can constrict up to eight enemies at once.


Message History

Harold hits your killer bee with a +1 long sword of holy wrath!!
Your killer bee dies!
Your killer bee's corpse dissolves into shadows!
You feel sick.
You are no longer poisoned.
Your killer bee stings Harold.
Harold throws a throwing net.
The throwing net misses you.
Your killer bee stings Harold but does no damage.
Unknown command.
Casting: Scorch (safe; 1% risk of failure)
Confirm with . or Enter, or press ? or * to list all spells.
Flames lash Harold.
Harold is burned terribly!
Harold is moderately wounded.
Your killer bee barely misses Harold.
Harold fires a harpoon shot at you. The harpoon shot hits you!
* * * LOW HITPOINT WARNING * * *
You are yanked forward by the harpoon shot.
Your killer bee stings Harold but does no damage.
Your killer bee completely misses Harold.
Harold barely misses you.
Your killer bee stings Harold but does no damage.
You feel much better.
Your killer bee stings Harold.
Harold hits you with a +1 long sword of holy wrath!
Your killer bee stings Harold!
Harold is poisoned.
Your killer bee poisons Harold!
Unknown command.
Hit: b) +0 long sword
Press: ? - help, Dir - move target, f - Harold
Aim: Harold, wielding a +1 long sword of holy wrath, wearing a +0 scale mail and quivering 3 throwing nets (heavily wounded, very poisoned, more vulnerable to fire, ally target, about 35% to evade your +0 long sword)
Okay, then.
Casting: Scorch (safe; 1% risk of failure)
Confirm with . or Enter, or press ? or * to list all spells.
Flames lash Harold.
Harold is burned terribly!
Harold is heavily wounded.
Your killer bee barely misses Harold.
Harold says happily, "The price on your head will fill my nest egg nicely!"
Harold hits you with a +1 long sword of holy wrath!!
You die...
Your body crumbles into a pile of gold.

#..# #............#
#.O# #............#
#..# #...............
#..# #...............
#..####..########..###
#........# ..#
#........# ..#
#.......@########..#
#.......y@.........#
#........$$$.......#
...........$.......#
...............(...#
#............$.....#
.............$....#
............?.....#
....!.............#
......########..#


You could see Harold (very poisoned, combustible, ally target) and a friendly
killer bee (summoned).

Vanquished Creatures
  A two-headed ogre (D:9)
  Sigmund (D:4)
  Menkaure (D:7)
  2 orc warriors
  2 black bears
  An ice beast (D:7)
  3 ogres
  2 sky beasts
  A lemure (D:7)
  2 kobold brigands
  5 bullfrogs
  2 scorpions
  2 killer bees
  2 jellies (D:5)
  3 hounds
  4 orc priests
  A gnoll bouda (D:4)
  2 iguanas
  3 sleepcaps
  7 orc wizards
  Terence (D:3)
  3 gnolls (D:5)
  3 adders
  A shadow imp (D:5)
  2 white imps
  3 ufetubi
  2 worms (D:3)
  4 dart slugs
  15 orcs
  7 endoplasms
  3 giant cockroaches
  8 hobgoblins
  4 kobolds
  2 quokkas
  3 ball pythons
  2 bats
  3 frilled lizards
  8 goblins
  7 rats
128 creatures vanquished.

Vanquished Creatures (collateral kills)
  A steam dragon (D:9)
  3 killer bees (D:9)
4 creatures vanquished.

Vanquished Creatures (others)
  A killer bee (D:9)
  364 foxfires
  7 plants (D:4)
372 creatures vanquished.

Grand Total: 504 creatures vanquished

Notes
Turn   | Place    | Note
-------+----------+-------------------------------------------
     0 | D:1      | 112233 the Octopode Fire Elementalist began the quest for
                  | the Orb.
     0 | D:1      | Reached XP level 1. HP: 11/11 MP: 3/3
   284 | D:1      | Reached XP level 2. HP: 17/17 MP: 1/5
   287 | D:1      | Learned a level 2 spell: Scorch
  1137 | D:2      | Noticed a black bear
  1472 | D:2      | Reached XP level 3. HP: 21/21 MP: 1/7
  1919 | D:2      | Reached skill level 3 in Spellcasting
  2500 | D:3      | Noticed a scorpion
  2579 | D:3      | Noticed Terence
  2642 | D:4      | Noticed a kobold brigand
  2656 | D:4      | Found a staircase to the Ecumenical Temple.
  2757 | D:4      | Learned a level 3 spell: Kindle Blastsparks
  2827 | Temple   | Entered the Ecumenical Temple
  2867 | Temple   | Became a worshipper of Gozag Ym Sagoz the Greedy
  2912 | D:4      | Reached XP level 4. HP: 27/27 MP: 4/9
  3062 | D:5      | Entered Level 5 of the Dungeon
  3080 | D:5      | Noticed an orc warrior
  3244 | D:5      | Reached skill level 4 in Spellcasting
  3416 | D:5      | Found Ufehus's General Store.
  3417 | D:5      | Noticed a bullfrog
  3432 | D:5      | Killed a bullfrog
  3433 | D:5      | Reached XP level 5. HP: 29/31 MP: 0/12
  3455 | D:5      | Reached skill level 5 in Spellcasting
  3476 | D:5      | Noticed an ogre
  3542 | D:5      | Killed an ogre
  3543 | D:5      | Reached XP level 6. HP: 36/36 MP: 7/14
  3919 | D:4      | Reached skill level 6 in Spellcasting
  4259 | D:4      | Noticed Sigmund
  4263 | D:4      | Found an ornate altar of the Wu Jian Council.
  4268 | D:4      | Killed Sigmund
  4269 | D:4      | Reached skill level 7 in Spellcasting
  4269 | D:4      | Reached XP level 7. HP: 34/41 MP: 10/17
  5227 | D:3      | Killed Terence
  5421 | D:3      | Reached skill level 8 in Spellcasting
  5617 | D:1      | Reached XP level 8. HP: 29/46 MP: 11/20
  6335 | D:6      | Reached skill level 9 in Spellcasting
  7391 | D:7      | Noticed Menkaure
  7402 | D:7      | Killed Menkaure
  7403 | D:7      | Reached skill level 10 in Spellcasting
  7427 | D:7      | Learned a level 4 spell: Flame Wave
  7431 | D:7      | Learned a level 3 spell: Stone Arrow
  7434 | D:7      | Learned a level 2 spell: Passwall
  7466 | D:6      | Noticed Grinder
  7517 | D:7      | Reached skill level 1 in Fighting
  7517 | D:7      | Reached skill level 1 in Earth Magic
  7517 | D:7      | Reached XP level 9. HP: 38/53 MP: 15/23
  8429 | D:7      | Found a sparkling altar of Nemelex Xobeh.
  8627 | D:7      | Found Mocanol's Jewellery Boutique.
  8943 | D:8      | Noticed Pikel
  9266 | D:8      | Found a stormy altar of Qazlal.
  9289 | D:8      | Identified the amulet of Peubed {Faith rC+ Int+5 Dex-4}
  9575 | D:8      | Noticed Psyche
 10256 | D:6      | Found Mounaych's Weapon Emporium.
 10357 | D:8      | Found a white marble altar of Elyvilon.
 10359 | D:8      | Found a shadowy altar of Dithmenos.
 10456 | D:9      | Noticed a two-headed ogre
 10471 | D:9      | Killed a two-headed ogre
 10472 | D:9      | Reached skill level 5 in Conjurations
 10584 | D:9      | Reached XP level 10. HP: 29/63 MP: 21/24
 10600 | D:9      | Noticed Harold
 10606 | D:9      | Slain by Harold

Illustrated notes

Levels and vault maps discovered:
D:1:      dpeg_arrival_windows_large_door, layout_loops_ring
D:2:      layout_basic
D:3:      cheibrodos_helix_gallery, layout_loops_ring, uniq_terence
D:4:      layout_loops_ring, lemuel_tele_altar, minmay_temple_entry_mini_moons,
          chequers_big_river, minmay_misc_feat_tiny, uniq_sigmund
D:5:      layout_loops_ring, serial_park_tiny_pond, nicolae_wooded_promenade,
          kennysheep_generic_room_13
D:6:      layout_loops_ring, serial_shops, nicolae_shop_crystal, uniq_grinder,
          uniq_crazy_yiuf_cottage
D:7:      layout_loops_cross, nemelex_dance_club_becter,
          eino_small_chamber_without_monster, nicolae_take_the_stairs,
          uniq_menkaure
D:8:      layout_loops_corners, chequers_temple_overflow_statue_of_worship,
          lemuel_doored_altar, grunt_qazlal_clouds, roderic_batcave,
          st_stairs_12, amethyst_killhole, uniq_pikel, uniq_psyche, uniq_grum
D:9:      layout_small_grid, nicolae_overflow_hidden_temple, zin_purify,
          grunt_lair_entry_orc_guard_hut, uniq_harold, uniq_joseph
Temple:   nicolae_temple_ecumenical_triangle

Skill      XL: |  1  2  3  4  5  6  7  8  9 |
---------------+----------------------------+-----
Spellcasting   | 3 4 5 7 8 10 | 10.0
Fighting       | 1 3 |  3.7
Conjurations   | 2 5 |  5.7
Earth Magic    | 1 3 |  3.7
Dodging        | 4 |  4.4
Stealth        | |  2.9
Fire Magic     | |  3.1

Action                     |  1- 3 |  4- 6 |  7- 9 | 10-12 || total
---------------------------+-------+-------+-------+-------++-------
  Melee: Unarmed           |     1 |       |       |       ||     1
         Long sword        |     2 |       |     1 |       ||     3
         Tentacles         |       |       |     1 |       ||     1
   Cast: Foxfire           |    81 |    39 |   101 |       ||   221
         Scorch            |     7 |    17 |   133 |     4 ||   161
         Stone Arrow       |       |       |     3 |       ||     3
         Kindle Blastspark |       |       |     2 |       ||     2
 Invoke: Potion Petition   |       |       |     1 |       ||     1
  Evoke: Wand              |       |       |     5 |       ||     5
    Use: Scroll            |     6 |     1 |    13 |       ||    20
         Potion            |     1 |     2 |     2 |     3 ||     8
   Stab: Sleeping          |     1 |       |       |       ||     1
 Armour: Skin              |     2 |     1 |     7 |     1 ||    11
  Dodge: Dodged            |    17 |    16 |   112 |     5 ||   150

Table legend: (Time is in decaauts)
 A = Elapsed time spent in this place.
 B = Non-inter-level travel time spent in this place.
 C = Inter-level travel time spent in this place.
 D = Time resting spent in this place.
 E = Time spent auto-exploring this place.
 F = Levels seen in this place.
 G = Mean time per level.
                   A        B        C        D        E       F      G
               +--------+--------+--------+--------+--------+-----+--------+
         Total |  10623 |   9547 |   1076 |   2293 |   5501 |  10 | 1062.3 |
       Dungeon |  10577 |   9507 |   1070 |   2293 |   5469 |   9 | 1175.2 |
        Temple |     45 |     39 |      6 |      0 |     32 |   1 |   45.0 |
               +--------+--------+--------+--------+--------+-----+--------+

Top non-repeatable levels by time:
     D:4: 1950 daAuts
     D:7: 1800 daAuts
     D:5: 1426 daAuts
     D:1: 1349 daAuts
     D:6: 1253 daAuts
     D:3: 1074 daAuts
     D:2: 978 daAuts
     D:8: 554 daAuts
     D:9: 190 daAuts
  Temple: 45 daAuts
